 Dungeon Crawl Stone Soup version 0.29-a0-648-g6b26cc9f40 (webtiles) character file.

Game seed: 17476815446824296256

3559 Kaemin the Carver (level 9, -6/80 HPs)
             Began as a Minotaur Berserker on June 20, 2022.
             Was an Elder of Trog.
             Mangled by an ice beast (14 damage)
             ... on level 7 of the Dungeon.
             The game lasted 00:32:36 (5995 turns).

Kaemin the Carver (Minotaur Berserker)              Turns: 5995, Time: 00:32:36

Health: -6/80      AC: 12    Str: 25    XL:     9   Next: 83%
Magic:  8/8        EV: 11    Int:  1    God:    Trog [****..]
Gold:   461        SH:  0    Dex: 11    Spells: 8/8 levels left

rFire   . . .      SeeInvis +   x - +4 great sword of Infinity {vorpal, Will+++ rCorr Int-3 SInv}
rCold   . . .      Faith    .   (shield currently unavailable)
rNeg    . . .      Spirit   .   s - +0 scale mail
rPois   .          Reflect  .   C - +2 hat {Will+}
rElec   .          Harm     .   r - scarf {shadows}
rCorr   +          Rampage  .   (no gloves)
Will    +++++                   k - +1 pair of boots
Stlth   ..........              (no amulet)
HPRegen 1.23/turn               (no ring)
MPRegen 0.11/turn               (no ring)

@: strong-willed, on berserk cooldown, regenerating, slowed, very slow
A: horns 2, retaliatory headbutt
a: Renounce Religion, Berserk, Trog's Hand, Brothers in Arms


You were on level 7 of the Dungeon.
You worshipped Trog.
Trog was greatly pleased with you.
You visited 1 branch of the dungeon, and saw 7 of its levels.
You also visited: Ossuary.

You collected 461 gold pieces.

Inventory:

Hand Weapons
 a - a +1 mace
 p - a +3 mace of protection
 x - the +4 great sword of Infinity (weapon) {vorpal, Will+++ rCorr Int-3 SInv}
   (You found it on level 5 of the Dungeon)

   It inflicts extra damage upon your enemies.
   Int:       It affects your intelligence (-3).
   SInv:      It lets you see invisible.
   rCorr:     It protects you from acid and corrosion.
   Will:      It greatly increases your willpower.
Missiles
 q - 8 poisoned darts (quivered)
Armour
 b - a +0 animal skin
 g - a +1 ring mail
 j - a +2 hat
 k - a +1 pair of boots (worn)
 r - a scarf of shadows (worn)
 s - a +0 scale mail (worn)
 C - a +2 hat of willpower (worn)
Wands
 v - a wand of flame (16)
 y - a wand of paralysis (8)
Scrolls
 c - a scroll of silence
 h - 7 scrolls of teleportation
 i - a scroll of enchant weapon
 l - a scroll of torment
 o - a scroll of summoning {unknown}
 t - 2 scrolls of brand weapon {unknown}
 A - a scroll of acquirement {unknown}
 B - 3 scrolls of vulnerability {unknown}
 D - a scroll of magic mapping
 E - 2 scrolls of identify
Potions
 d - 2 potions of berserk rage {unknown}
 f - 2 potions of brilliance {unknown}
 m - 3 potions of flight {unknown}
 n - 3 potions of degeneration {unknown}
 u - a potion of magic {unknown}
 w - a potion of attraction {unknown}
 z - 4 potions of haste {unknown}
 F - 2 potions of cancellation {unknown}


   Skills:
 + Level 7.7 Fighting
 + Level 9.9 Long Blades
 + Level 7.6 Maces & Flails
 + Level 2.2 Throwing
 + Level 8.1 Armour
 + Level 4.8 Dodging
 + Level 1.1 Stealth


You had 8 spell levels left.
You didn't know any spells.
Your spell library contained the following spells:

 Spells                   Type           Power      Damage    Failure   Level
 Animate Dead             Necr           0%         N/A       100%        4
 Haunt                    Necr/Summ      0%         N/A       100%        7
 Infestation              Necr           0%         N/A       100%        8


Dungeon Overview and Level Annotations

Branches:
Dungeon (7/15)             Temple (0/1) D:4         Ossuary (visited)

Altars:
Fedhas
Uskayaw


Innate Abilities, Weirdness & Mutations

You have a pair of horns on your head.
You reflexively headbutt those who attack you in melee.


Message History

You kill the white imp!
Trog accepts your kill.
Xian's ghost hits you but does no damage.
You slash xian's ghost! Your headbutt misses xian's ghost.
Xian's ghost is severely damaged.
You completely miss xian's ghost.
Xian's ghost is severely damaged.
Xian's ghost hits you!
* * * LOW HITPOINT WARNING * * *
Xian's ghost burns you.
* * * LOW HITPOINT WARNING * * *
The white imp closely misses you. You furiously retaliate!
You headbutt the white imp!!
You kill the white imp!
Trog accepts your kill.
You slash xian's ghost!
You destroy xian's ghost!
Trog accepts your kill.
You are no longer berserk.
You are exhausted.
You feel yourself slow down.
You hit the ice beast.
The ice beast is lightly wounded.
The ice beast barely misses you.
The ice beast hits you but does no damage.
You feel better. The white imp barely misses you.
An ice beast comes into view.
The white imp gestures at you.
The puff of frost hits you but does no damage.
The ice beast hits you.
* * * LOW HITPOINT WARNING * * *
The ice beast freezes you!
* * * LOW HITPOINT WARNING * * *
Okay, then.
Your skin crawls.
You feel strong-willed. The white imp closely misses you.
The ice beast hits you.
* * * LOW HITPOINT WARNING * * *
The ice beast freezes you!
You die...

# #####
.####5Y.##
...Y.Y@..# #
....###..##.###
.. ##..#...#
#..#...# .#
##..#.#.# ..##
##..##.#.
....####...#...[
..........##....
#.........#... .


You could see 3 ice beasts and a white imp.

Vanquished Creatures
  The ghost of xian the Cutter, a novice DrFi of Wu Jian (D:7)
  Grinder (D:6)
  Eustachio (D:5)
  2 steam dragons
  Menkaure (D:6)
  Duvessa (D:5)
  A black bear (D:7)
  3 ice beasts
  An orc warrior (D:7)
  3 sky beasts
  2 centaurs
  An elf zombie (Ossuary)
  2 necrophages
  5 scorpions
  Dowan (D:5)
  A centaur zombie (Ossuary)
  A human zombie (Ossuary)
  3 hounds
  4 jellies
  4 orc priests
  A water moccasin simulacrum (D:7)
  A gnoll shaman (D:5)
  7 orc wizards
  2 mummies (Ossuary)
  3 gnolls (D:4)
  7 adders
  A shadow imp (D:5)
  A howler monkey simulacrum (D:7)
  4 white imps
  A worm (D:4)
  2 dart slugs
  19 orcs
  10 endoplasms
  3 giant cockroaches
  6 goblins
  6 hobgoblins
  A jackal (D:5)
  4 kobolds
  7 quokkas
  5 ball pythons
  3 bats
  7 frilled lizards
  3 goblin zombies (Ossuary)
  9 hobgoblin zombies (Ossuary)
  A jackal zombie (Ossuary)
  12 kobold zombies (Ossuary)
  7 orc zombies (Ossuary)
  4 rats
  2 rat zombies (Ossuary)
178 creatures vanquished.

Vanquished Creatures (others)
  A plant (D:3)
1 creature vanquished.

Grand Total: 179 creatures vanquished

Notes
Turn   | Place    | Note
-------+----------+-------------------------------------------
     0 | D:1      | Kaemin the Minotaur Berserker began the quest for the Orb.
     0 | D:1      | Reached XP level 1. HP: 19/19 MP: 0/0
   343 | D:1      | Reached XP level 2. HP: 27/27 MP: 1/1
   947 | D:2      | Found a faded altar of an unknown god.
   954 | D:2      | Reached XP level 3. HP: 33/33 MP: 2/2
  1205 | D:2      | Reached ** piety under Trog
  1933 | D:3      | Reached XP level 4. HP: 41/41 MP: 3/3
  1941 | D:3      | Reached skill level 5 in Maces & Flails
  1945 | D:3      | Reached XP level 5. HP: 41/47 MP: 4/4
  2138 | D:3      | Found a blossoming altar of Fedhas.
  3107 | D:4      | Reached *** piety under Trog
  3297 | D:4      | Reached XP level 6. HP: 55/55 MP: 5/5
  3683 | D:4      | Found a staircase to the Ecumenical Temple.
  3894 | D:5      | Entered Level 5 of the Dungeon
  3961 | D:5      | Reached skill level 5 in Fighting
  4034 | D:5      | Noticed a sky beast
  4045 | D:5      | Killed a sky beast
  4045 | D:5      | Noticed Dowan
  4046 | D:5      | Reached skill level 1 in Throwing
  4046 | D:5      | Noticed Duvessa
  4048 | D:5      | Killed Dowan
  4049 | D:5      | Reached XP level 7. HP: 59/61 MP: 6/6
  4052 | D:5      | Killed Duvessa
  4053 | D:5      | Reached skill level 5 in Armour
  4184 | D:5      | Identified the +4 great sword of Infinity {vorpal, Will+++
                  | rCorr Int-3 SInv}
  4286 | D:5      | Noticed Eustachio
  4290 | D:5      | Reached skill level 1 in Long Blades
  4293 | D:5      | Killed Eustachio
  4294 | D:5      | Reached skill level 2 in Long Blades
  4297 | D:5      | Reached XP level 8. HP: 50/70 MP: 7/7
  4666 | D:5      | Found a hide-covered altar of Uskayaw.
  4739 | D:5      | Reached skill level 3 in Long Blades
  4941 | D:6      | Noticed Grinder
  4963 | D:6      | Reached skill level 4 in Long Blades
  4965 | D:6      | Reached skill level 5 in Long Blades
  4965 | D:6      | Reached skill level 1 in Stealth
  4976 | D:6      | Killed Grinder
  5141 | D:6      | Noticed Menkaure
  5147 | D:6      | Killed Menkaure
  5148 | D:6      | Reached skill level 6 in Long Blades
  5149 | D:6      | Reached XP level 9. HP: 63/78 MP: 8/8
  5612 | D:7      | Reached skill level 7 in Long Blades
  5633 | D:7      | Found a sand-covered staircase.
  5641 | Ossuary  | Entered an ossuary
  5743 | Ossuary  | Reached **** piety under Trog
  5907 | D:7      | Reached skill level 8 in Long Blades
  5961 | D:7      | Found a runed translucent gate.
  5961 | D:7      | Found a runed translucent gate.
  5961 | D:7      | Found a runed translucent gate.
  5978 | D:7      | Noticed xian's ghost (novice DrFi)
  5988 | D:7      | Reached skill level 9 in Long Blades
  5992 | D:7      | Killed xian's ghost
  5995 | D:7      | Mangled by an ice beast

Illustrated notes

Levels and vault maps discovered:
D:1:      co_arrival_square_in_a_square_in_a_square, layout_basic
D:2:      layout_basic, ebering_ecumenical_altar_box, minmay_lizard_pond
D:3:      cheibrodos_old_hovel, layout_rooms, mainiacjoe_overflow_paths,
          dreamdust_princess_bridge
D:4:      layout_basic, minmay_temple_entry_water_ring
D:5:      layout_loops_ring, nicolae_overflow_hidden_temple,
          minmay_starry_boxes, uniq_eustachio, uniq_duvessa
D:6:      layout_cave_pools, uniq_grinder, uniq_menkaure
D:7:      layout_rooms, gammafunk_ghost_icy, chequers_ossuary_entry_cave,
          enter_bailey_2, uniq_prince_ribbit1

Skill      XL: |  1  2  3  4  5  6  7  8  9 |
---------------+----------------------------+-----
Maces & Flails | 4 5 6 7 |  7.6
Fighting       | 4 5 6 7 |  7.7
Armour         | 3 4 6 7 8 |  8.1
Dodging        | 3 4 |  4.8
Throwing       | 1 2 |  2.2
Long Blades    | 2 6 9 |  9.9
Stealth        | 1 |  1.1

Action                   |  1- 3 |  4- 6 |  7- 9 || total
-------------------------+-------+-------+-------++-------
Melee: Mace              |    88 |   118 |     3 ||   209
       Headbutt          |     8 |    14 |    34 ||    56
       Punch             |     1 |       |       ||     1
       Great sword       |       |       |   168 ||   168
Throw: Dart              |       |     4 |     8 ||    12
       Throwing net      |       |       |     1 ||     1
Invok: Berserk           |     2 |     3 |     5 ||    10
       Trog's Hand       |       |       |     3 ||     3
Evoke: Wand              |       |       |     1 ||     1
  Use: Scroll            |     5 |     5 |     4 ||    14
       Potion            |       |       |     4 ||     4
Armor: Ring mail         |    39 |    25 |       ||    64
       Scale mail        |       |    32 |   114 ||   146
Dodge: Dodged            |    60 |    45 |   128 ||   233

Table legend: (Time is in decaauts)
 A = Elapsed time spent in this place.
 B = Non-inter-level travel time spent in this place.
 C = Inter-level travel time spent in this place.
 D = Time resting spent in this place.
 E = Time spent auto-exploring this place.
 F = Levels seen in this place.
 G = Mean time per level.
                   A        B        C        D        E       F      G
               +--------+--------+--------+--------+--------+-----+--------+
         Total |   6176 |   2562 |   3614 |    623 |    905 |   8 |  772.0 |
       Dungeon |   5936 |   2322 |   3614 |    623 |    801 |   7 |  848.0 |
       Ossuary |    240 |    240 |      0 |      0 |    104 |   1 |  240.0 |
               +--------+--------+--------+--------+--------+-----+--------+

Top non-repeatable levels by time:
     D:3: 1103 daAuts
     D:5: 1036 daAuts
     D:1: 963 daAuts
     D:4: 955 daAuts
     D:2: 939 daAuts
     D:6: 661 daAuts
     D:7: 276 daAuts
 Ossuary: 240 daAuts
